 Dungeon Crawl Stone Soup version 0.31.0-12-g77e489cdc1 (webtiles) character file.

Game seed: 12664380165070339511

33231 Peloso the Tortoise (level 13, -2/119 HPs)
             Began as a Minotaur Fighter on Feb 22, 2024.
             Was a High Priest of Okawaru.
             Slain by a minotaur
             ... wielding a +1 glaive of venom
              (31 damage)
             ... in a Gauntlet.
             The game lasted 00:33:12 (16333 turns).

Peloso the Tortoise (Minotaur Fighter)             Turns: 16333, Time: 00:33:13

Health: -2/119     AC: 18    Str: 28    XL:     13   Next: 35%
Magic:  8/13       EV: 10    Int:  5    God:    Okawaru [*****.]
Gold:   305        SH:  7    Dex: 14    Spells: 12/12 levels left

rFire   . . .        a - +0 scimitar
rCold   . . .        d - +0 buckler
rNeg    + . .        D - +0 plate armour
rPois   .            x - +1 hat
rElec   .            (no cloak)
rCorr   .            (no gloves)
SInv    .            (no boots)
Will    .....        C - amulet of regeneration Stlth
                     f - ring of positive energy
HPRegen 1.19/turn    N - +6 ring of strength
MPRegen 0.13/turn

%: no teleportation
@: lethally poisoned (-2 -> -3)
A: horns 2, retaliatory headbutt
a: Renounce Religion, Heroism, Finesse, Duel


You were in a Gauntlet.
You worshipped Okawaru.
Okawaru was extremely pleased with you.
You visited 3 branches of the dungeon, and saw 15 of its levels.
You also visited: Ossuary, Bailey and Gauntlet.

You collected 813 gold pieces.
You spent 508 gold pieces at shops.

Inventory:

Hand Weapons
 a - a +0 scimitar (weapon)
 b - the +9 flail of Pride {vamp, rC+ Str+3 Int+2}
   (You found it on level 2 of the Dungeon)

   Str+3:     It affects your strength (+3).
   Int+2:     It affects your intelligence (+2).
   rC+:       It protects you from cold.
Missiles
 n - a throwing net (quivered)
Armour
 d - a +0 buckler (worn)
 x - a +1 hat (worn)
 D - a +0 plate armour (worn)
 K - the +0 chain mail of Liyxu {rPois rN+ Will- Int+6}
   (You bought it in a shop on level 11 of the Dungeon)

   Int+6:     It affects your intelligence (+6).
   rPois:     It protects you from poison rN+: It protects you from negative
   energy.
   Will-:     It decreases your willpower.
Jewellery
 f - a ring of positive energy (left hand)
 k - a ring of fire
 C - an amulet of regeneration (around neck)
 F - an amulet of the acrobat
 H - an amulet of guardian spirit
 M - a +6 ring of intelligence
 N - a +6 ring of strength (right hand)
Talismans
 c - a serpent talisman
Wands
 g - a wand of paralysis (20)
 m - a wand of light (4)
 r - a wand of flame (59)
 y - a wand of iceblast (17)
 J - a wand of polymorph (11)
Scrolls
 e - 2 scrolls of identify
 h - 3 scrolls of amnesia
 i - 11 scrolls of teleportation
 j - 2 scrolls of fog
 o - 2 scrolls of fear
 p - 2 scrolls of enchant weapon
 t - 6 scrolls of revelation
 v - a scroll of immolation
 B - a scroll of blinking
 E - 2 scrolls of butterflies
 I - 2 scrolls of brand weapon
 L - 3 scrolls of vulnerability
Potions
 l - 5 potions of mutation
 q - a potion of cancellation
 u - 3 potions of resistance
 w - 4 potions of enlightenment
 z - 4 potions of brilliance


   Skills:
 + Level 12.6 Fighting
 + Level 15.3 Long Blades
 + Level 15.7 Armour
 + Level 4.1 Dodging
 + Level 2.7 Stealth
 + Level 10.8 Shields
 + Level 1.4 Invocations
 + Level 0.4 Evocations


You had 12 spell levels left.
You didn't know any spells.
Your spell library contained the following spells:

 Spells                   Type           Power      Damage    Failure   Level
 Frozen Ramparts          Ice            0%         1d1       100%        3
 Inner Flame              Hex/Fire       0%         N/A       100%        3
 Leda's Liquefaction      Alch/Erth      0%         N/A       100%        4
 Petrify                  Alch/Erth      0%         N/A       100%        4
 Metabolic Englaciation   Hex/Ice        0%         N/A       100%        5
 Call Canine Familiar     Summ           Unusable   N/A       N/A         3
 Malign Gateway           Summ/Tloc      Unusable   N/A       N/A         7

Dungeon Overview and Level Annotations

Branches:
Dungeon (11/15)            Temple (1/1) D:6            Lair (3/5) D:11
 Shoals (0/4) Lair:3       Spider (0/4) Lair:2          Orc (0/2) D:10
Ossuary (visited)          Bailey (visited)         Gauntlet (1/1)

Altars:
Ashenzari
Cheibriados
Dithmenos
Elyvilon
Fedhas
Gozag
Hepliaklqana
Kikubaaqudgha
Makhleb
Nemelex Xobeh
Okawaru
Qazlal
Ru
Sif Muna
Trog
Uskayaw
Vehumet
Wu Jian
Xom
Yredelemnul
Zin
The Shining One

Shops:
D:9 *   D:11 [**[

Annotations:
D:10 Flight Gauntlet 4 transporters, 1 runed translucent door


Innate Abilities, Weirdness & Mutations

You have a pair of horns on your head.
You reflexively headbutt those who attack you in melee.


Message History

You block the minotaur's attack.
You feel much better. The minotaur barely misses you.
You block the minotaur's attack.
You feel much better.
The minotaur hits you with a +1 glaive of venom!!
The minotaur gores you.
You feel much better.
You feel like a meek peon again.
The minotaur hits you but does no damage.
You are poisoned.
The minotaur gores you.
Unknown command.
You hit the minotaur but do no damage.
You feel sick.
You hit the minotaur.
You headbutt the minotaur, but do no damage.
The minotaur is lightly wounded.
You feel sick.
You hit the minotaur.
You headbutt the minotaur, but do no damage.
The minotaur is lightly wounded.
You feel sick.
The minotaur hits you with a +1 glaive of venom!
The minotaur gores you!
You hit the minotaur but do no damage.
The minotaur is lightly wounded.
You hit the minotaur but do no damage.
The minotaur is lightly wounded.
Your hands slow down.
You feel sick.
You slash the minotaur!
The minotaur is moderately wounded.
You feel sick.
The minotaur hits you but does no damage.
The minotaur gores you!
* * * LOW HITPOINT WARNING * * *
You hit the minotaur but do no damage.
You headbutt the minotaur, but do no damage.
The minotaur is moderately wounded.
The minotaur hits you with a +1 glaive of venom!!
You die...

#...#...#8..©# ...
....#.8.#©...# ##.#
#.8.#.⌠.#8..©# ...
..©.#.8.######
..#.#.8.#...#.....
#######.#.#.©.#...#.####
}8[8.8#.. #.8.#.8.#.'...
......H.###.©.#.∩.#.#.©.
#@..#.8.#.8.#.#§≈≈
#####.#.#.©.#...#.####
#.....#.#.8.#...#..|©.
#8........©.#.8.######
##.##.###.8.#.⌠.#8..©#
#..........#.8.#©...#
########...#...#8..©#
#≈≈≈#...######
##≈###..#.....


You could see a minotaur.

Vanquished Creatures
  Erolcha (D:9)
  2 vault guards (Bailey)
  A hell beast (Gauntlet)
  3 two-headed ogres
  2 thrashing horrors (Gauntlet)
  A wretched star (Gauntlet)
  A skyshark (Lair:3)
  A manticore (Lair:3)
  A cyclops (D:11)
  An oklob plant (D:11)
  2 black mambas
  4 cane toads
  A smoke demon (Gauntlet)
  Maggie (D:8)
  3 kobold demonologists (D:11)
  2 rime drakes (Lair:1)
  3 komodo dragons
  2 polar bears (Lair:2)
  A wind drake (Lair:3)
  7 trolls
  Prince Ribbit (Bailey)
  A hornet (D:7)
  9 blink frogs
  2 dream sheep (Lair:3)
  Sigmund (D:3)
  3 centaur simulacra (Gauntlet)
  2 culicivoras (Lair:2)
  A wraith (D:7)
  36 yaks
  A basilisk (Lair:3)
  2 wyverns
  5 humans (Bailey)
  2 redbacks (Lair:2)
  A neqoxec (Gauntlet)
  6 two-headed ogre zombies (D:10)
  An acid dragon (D:9)
  7 water moccasins
  An orc warrior (D:7)
  3 ice beasts
  A sky beast (D:7)
  3 black bears
  2 ogres
  5 small abominations (Gauntlet)
  20 wolves
  2 centaurs
  A phantom (D:6)
  7 kobold brigands
  10 bullfrogs
  7 scorpions
  A cane toad simulacrum (Gauntlet)
  A wight (D:7)
  26 killer bees
  3 howler monkeys (D:10)
  A spectral bullfrog (Ossuary)
  2 bombardier beetles (D:4)
  2 crimson imps (Gauntlet)
  4 human zombies (Ossuary)
  3 orc priests
  3 centaur zombies (Ossuary)
  6 hounds
  2 jellies (D:7)
  5 sleepcaps
  3 iguanas
  4 orc wizards
  Ijyb (D:4)
  2 crocodile zombies (Ossuary)
  2 spectral hounds (Ossuary)
  3 mummies (Ossuary)
  A gnoll (Bailey)
  9 adders
  3 hound simulacra (Ossuary)
  A shadow imp (D:7)
  2 white imps
  4 spectral adders (Ossuary)
  4 ufetubi
  A spectral gnoll (Ossuary)
  3 dart slugs
  2 ribbon worms
  2 adder simulacra (Ossuary)
  29 orcs
  6 endoplasms
  A giant cockroach (D:1)
  18 goblins
  4 hobgoblins
  7 jackals
  5 quokkas
  14 ball pythons
  14 bats
  2 frilled lizards
  5 gnoll zombies (Ossuary)
  5 jackal simulacra (Ossuary)
  15 kobolds
  8 kobold zombies (Ossuary)
  3 orc zombies (Ossuary)
  7 rats
  2 spectral jackals (Ossuary)
434 creatures vanquished.

Notes
Turn   | Place    | Note
-------+----------+-------------------------------------------
     0 | D:1      | Peloso the Minotaur Fighter began the quest for the Orb.
     0 | D:1      | Reached XP level 1. HP: 19/19 MP: 0/0
   185 | D:1      | Reached XP level 2. HP: 23/27 MP: 1/1
   746 | D:1      | Reached XP level 3. HP: 33/33 MP: 2/2
  1035 | D:2      | Identified the +9 flail of Pride {vamp, rC+ Str+3 Int+2}
  1855 | D:3      | Reached XP level 4. HP: 40/40 MP: 3/3
  1958 | D:3      | Noticed Sigmund
  2058 | D:4      | Noticed Ijyb
  2078 | D:4      | HP: 2/41 [Ijyb/bolt of light (15)]
  2079 | D:4      | Killed Ijyb
  2277 | D:4      | Noticed an ogre
  2284 | D:4      | Killed an ogre
  2285 | D:4      | Reached skill level 5 in Armour
  2285 | D:4      | Reached skill level 1 in Dodging
  2285 | D:4      | Reached XP level 5. HP: 47/47 MP: 4/4
  2299 | D:4      | Reached skill level 5 in Long Blades
  2303 | D:4      | Reached XP level 6. HP: 24/53 MP: 5/5
  2305 | D:4      | Noticed an ice beast
  2317 | D:4      | Killed an ice beast
  2764 | D:4      | Reached skill level 5 in Fighting
  3038 | D:5      | Entered Level 5 of the Dungeon
  3063 | D:5      | Reached XP level 7. HP: 27/61 MP: 6/6
  3102 | D:5      | Reached skill level 5 in Shields
  3108 | D:5      | Found a sand-covered staircase.
  3243 | Ossuary  | Entered an ossuary
  3796 | Ossuary  | Reached XP level 8. HP: 66/66 MP: 7/7
  5307 | D:3      | Killed Sigmund
  5308 | D:3      | Reached skill level 1 in Stealth
  5442 | D:3      | Found a glowing golden altar of the Shining One.
  5840 | D:6      | Found a staircase to the Ecumenical Temple.
  5858 | Temple   | Entered the Ecumenical Temple
  5877 | Temple   | Became a worshipper of Warmaster Okawaru
  5963 | D:6      | Reached XP level 9. HP: 33/78 MP: 8/8
  6592 | D:6      | Reached * piety under Okawaru
  6693 | D:6      | Reached skill level 10 in Long Blades
  6823 | D:7      | Noticed a troll
  6833 | D:7      | Killed a troll
  7088 | D:7      | Noticed a troll
  7093 | D:7      | Noticed a troll
  7748 | D:7      | Reached ** piety under Okawaru
  7749 | D:7      | Reached XP level 10. HP: 88/88 MP: 9/9
  8155 | D:8      | Noticed a two-headed ogre
  8175 | D:8      | Killed a two-headed ogre
  8175 | D:8      | Reached *** piety under Okawaru
  8195 | D:8      | Reached skill level 10 in Armour
  8469 | D:8      | Noticed Maggie
  8480 | D:8      | Killed Maggie
  9145 | D:8      | Noticed a two-headed ogre
  9152 | D:8      | Killed a two-headed ogre
  9311 | D:8      | Reached **** piety under Okawaru
  9544 | D:9      | Reached XP level 11. HP: 45/95 MP: 10/10
  9559 | D:9      | Noticed a two-headed ogre
  9569 | D:9      | Killed a two-headed ogre
  9637 | D:9      | Noticed Erolcha
  9647 | D:9      | Killed Erolcha
  9696 | D:9      | Found a flagged portal.
  9742 | Bailey   | Entered a bailey
  9991 | Bailey   | Noticed Prince Ribbit
  9991 | Bailey   | Noticed a vault guard
 10000 | Bailey   | Killed a vault guard
 10008 | Bailey   | Killed Prince Ribbit
 10045 | Bailey   | Noticed a vault guard
 10058 | Bailey   | Killed a vault guard
 10286 | D:9      | Found Fid Ducw's General Store.
 10363 | D:9      | Found a shimmering blue altar of Sif Muna.
 10555 | D:9      | Bought a scroll of brand weapon for 152 gold pieces
 10750 | D:10     | Entered Level 10 of the Dungeon
 10750 | D:10     | Found a staircase to the Orcish Mines.
 10885 | D:10     | Got the Lectures on Amalgamated Curses
 11024 | D:10     | Reached skill level 10 in Fighting
 11058 | D:10     | Reached ***** piety under Okawaru
 11687 | D:11     | Found Zeklyr's Antique Armour Emporium.
 11744 | D:11     | Noticed a sun demon
 11753 | D:11     | HP: 4/100 [kobold brigand/+0 dagger (5)]
 11845 | D:11     | Bought a shimmering chain mail for 266 gold pieces
 11845 | D:11     | Identified the +0 chain mail of Liyxu {rPois rN+ Will-
                  | Int+6} (You bought it in a shop on level 11 of the Dungeon)
 11879 | D:11     | Found Imisec's General Store.
 11887 | D:11     | Bought a scroll of revelation for 90 gold pieces
 11892 | D:11     | Found an ancient bone altar of Kikubaaqudgha.
 11905 | D:11     | Received a gift from Okawaru
 11972 | D:11     | Noticed an oklob plant
 12006 | D:11     | Found a staircase to the Lair.
 12007 | D:11     | Found Ikul's General Store.
 12015 | D:11     | Found Zoergho's Armour Boutique.
 12023 | D:11     | Reached XP level 12. HP: 73/107 MP: 11/11
 12062 | D:11     | Found Xass's General Store.
 12304 | Lair:1   | Entered Level 1 of the Lair of Beasts
 12569 | Lair:1   | Reached skill level 1 in Invocations
 12694 | Lair:1   | Identified the +0 dagger "Vuwiceewan" {holy, Stlth+}
 12718 | Lair:1   | Received a gift from Okawaru
 13604 | Lair:2   | Reached skill level 10 in Shields
 13820 | Lair:2   | Identified the +6 scale mail of Honesty {Harm rF+ Int-3}
 14150 | Lair:2   | Reached skill level 15 in Long Blades
 14352 | Lair:2   | Received a gift from Okawaru
 14658 | Lair:2   | Found a hole to the Spider Nest.
 14673 | Lair:2   | Reached XP level 13. HP: 23/118 MP: 12/12
 15062 | Lair:3   | Found a staircase to the Shoals.
 15066 | Lair:3   | Reached skill level 15 in Armour
 15138 | Lair:3   | Found a gate leading to a gauntlet.
 15156 | Gauntlet | Entered a Gauntlet
 15156 | Gauntlet | Found a transporter.
 15258 | Gauntlet | Found a transporter.
 15262 | Gauntlet | Found a transporter.
 15267 | Gauntlet | Found a transporter.
 15278 | Gauntlet | Found a transporter.
 15279 | Gauntlet | Found a transporter.
 15282 | Gauntlet | Found a runed translucent door.
 15282 | Gauntlet | Found a runed translucent door.
 15283 | Gauntlet | Found a transporter.
 15290 | Gauntlet | Found a transporter.
 15294 | Gauntlet | Found a transporter.
 15299 | Gauntlet | Found a transporter.
 15309 | Gauntlet | Found a transporter.
 15310 | Gauntlet | Found a transporter.
 15315 | Gauntlet | Found a transporter.
 15322 | Gauntlet | Found a transporter.
 16313 | Gauntlet | Identified the +5 pearl dragon scales of Life {rC- rN+
                  | Will++ SInv}
 16313 | Gauntlet | Noticed a minotaur
 16333 | Gauntlet | Slain by a minotaur

Illustrated notes

Levels and vault maps discovered:
D:1:      minmay_arrival_cross, layout_basic, minmay_misc_feat_tiny,
          minmay_bisected
D:2:      layout_rooms, chequers_serial_rivers_room_a, minmay_splitting_lines,
          roderic_lattice_a, kennysheep_generic_room_12
D:3:      cheibrodos_helix_gallery, layout_basic, lemuel_tele_altar,
          uniq_sigmund
D:4:      layout_basic, nicolae_zig_zag_zippers, uniq_ijyb
D:5:      layout_cave_pods, enter_ossuary_1, minmay_misc_feat_diagonals
D:6:      old_forge, layout_basic, minmay_temple_entry_junction,
          blue_anna_alchemist
D:7:      nzn_winding_woodlands_medium [nzn_winding_woodlands_5x5_three,
          nzn_winding_woodlands_5x15_sawtooth,
          nzn_winding_woodlands_5x5_perimeter, nzn_winding_woodlands_5x5_cross,
          nzn_winding_woodlands_center_triple_pond,
          nzn_winding_woodlands_5x5_closed_star,
          nzn_winding_woodlands_5x5_default, nzn_winding_woodlands_5x15_cabin,
          nzn_winding_woodlands_5x5_default], layout_rooms
D:8:      layout_layer_cave, uniq_maggie
D:9:      layout_irregular_city, kennysheep_mini, enter_bailey_5,
          nicolae_inconvenience_store, uniq_erolcha
D:10:     lemuel_ogre_cave, layout_long_grid, orc_0_dummy
D:11:     layout_rooms, dpeg_oklobed_lair, serial_shops, shop, shop,
          nicolae_square_shop, shop, shop, nicolae_kikubaaqudgha_miasma_corner
Temple:   nicolae_temple_slightly_damp_pantheon
Lair:1:   layout_chaotic_city, grunt_forest_stairs_basic,
          nicolae_lair_grazing_beasts [nicolae_sub_lair_graze_edge,
          nicolae_sub_lair_graze_edge, nicolae_sub_lair_graze_edge,
          nicolae_sub_lair_graze_edge]
Lair:2:   layout_regular_city, spider_nest_entry_funnel_web,
          gammafunk_lair_bear_cave
Lair:3:   layout_gridlike, minmay_shoals_entry_beasts, gauntlet_entry_generic,
          wad_woods_road_03, uniq_josephine
Gauntlet: gammafunk_gauntlet_77_escape_option
          [minmay_gauntlet_arena_77_radiant_squares,
          minmay_gauntlet_arena_77_block_sizes,
          minmay_gauntlet_arena_77_shame_cube,
          minmay_gauntlet_arena_77_chump_sandwich,
          minmay_gauntlet_arena_77_hold_the_fort,
          nicolae_gauntlet_exit_dead_adventurers]

Skill      XL: |  1  2  3  4  5  6  7  8  9 10 11 12 13 |
---------------+----------------------------------------+-----
Armour         | 4 5 6 7 9 10 12 14 15 | 15.7
Fighting       | 4 5 6 7 8 10 12 | 12.6
Shields        | 4 5 6 7 8 9 10 | 10.8
Long Blades    | 3 4 5 6 7 9 11 12 14 15 | 15.3
Dodging        | 1 2 3 4 |  4.1
Stealth        | 1 2 |  2.7
Invocations    | 1 |  1.4
Evocations     | |  0.4

Action                     |  1- 3 |  4- 6 |  7- 9 | 10-12 | 13-15 || total
---------------------------+-------+-------+-------+-------+-------++-------
  Melee: Long sword        |   136 |   100 |   552 |    12 |       ||   800
         Headbutt          |    11 |    17 |   116 |   236 |    39 ||   419
         Scimitar          |       |       |       |   992 |   144 ||  1136
 Invoke: Heroism           |       |       |       |    10 |     7 ||    17
         Finesse           |       |       |       |       |     1 ||     1
  Evoke: Wand              |       |     1 |     2 |       |       ||     3
    Use: Scroll            |     5 |     1 |     7 |    13 |     1 ||    27
         Potion            |     1 |       |       |     5 |     7 ||    13
   Stab: Invisible         |       |     2 |       |       |       ||     2
         Paralysed         |       |       |     4 |       |       ||     4
 Armour: Scale mail        |    97 |    22 |       |       |       ||   119
         Chain mail        |       |    58 |   457 |     5 |       ||   520
         Plate armour      |       |       |       |   808 |   178 ||   986
  Dodge: Dodged            |    87 |    37 |   226 |   305 |    89 ||   744
  Block: Buckler           |    44 |    29 |   140 |   292 |    65 ||   570
